 Dungeon Crawl Stone Soup version 0.27-a0-334-g52645efa06 (webtiles) character file.

Game seed: 17764036209587151024

81 DavidChitty2 the Skirmisher (level 4, -1/40 HPs)
             Began as a Minotaur Fighter on Feb 13, 2021.
             Slain by a worm (8 damage)
             ... on level 1 of the Dungeon.
             The game lasted 00:01:24 (1320 turns).

DavidChitty2 the Skirmisher (Minotaur Fighter)      Turns: 1320, Time: 00:01:24

Health: -1/40      AC:  8    Str: 22    XL:     4   Next: 19%
Magic:  3/3        EV:  7    Int:  5    God:
Gold:   82         SH:  9    Dex:  9    Spells: 3/3 levels left

rFire    + . .     SeeInvis .   a - +0 war axe
rCold    . . .     Faith    .   c - +0 kite shield
rNeg     . . .     Spirit   .   b - +0 scale mail
rPois    .         Reflect  .   (helmet restricted)
rElec    .         Harm     .   (no cloak)
rCorr    .         Rampage  .   (no gloves)
Will     .....                  m - +0 pair of boots
Stlth    ..........             (no amulet)
HPRegen  0.13/turn              i - ring of protection from fire
MPRegen  0.08/turn              (no ring)

@: no status effects
A: retaliatory headbutt, horns 2
a: no special abilities


You were on level 1 of the Dungeon.
You visited 1 branch of the dungeon, and saw 2 of its levels.

You collected 82 gold pieces.

Inventory:

Hand Weapons
 a - a +0 war axe (weapon)
Armour
 b - a +0 scale mail (worn)
 c - a +0 kite shield (worn)
 m - a +0 pair of boots (worn)
   (You found it on level 2 of the Dungeon)
Jewellery
 i - a ring of protection from fire (left hand)
   (You found it on level 1 of the Dungeon)
 z - a ring of see invisible
   (You took it off a goblin on level 1 of the Dungeon)
Scrolls
 e - a scroll of enchant armour {unknown}
 f - a scroll of teleportation {unknown}
 g - a scroll of magic mapping {unknown}
 h - 3 scrolls of fog {unknown}
 l - a scroll of blinking {unknown}
Potions
 d - a potion of might
 j - a potion of flight {unknown}
 k - a potion of lignification {unknown}


   Skills:
 + Level 4.2 Fighting
 * Level 3.9 Axes
 + Level 4.2 Armour
 + Level 4.2 Shields


You had 3 spell levels left.
You didn't know any spells.
Your spell library was empty.

Dungeon Overview and Level Annotations

Branches:
Dungeon (2/15)

Altars:


Innate Abilities, Weirdness & Mutations

You reflexively headbutt those who attack you in melee.
You have a pair of horns on your head.


Message History

A quokka is nearby!
The quokka bites you but does no damage.
You closely miss the quokka. The quokka closely misses you.
The quokka barely misses you. You furiously retaliate!
You headbutt the quokka, but do no damage.
You closely miss the quokka. You block the quokka's attack.
The quokka bites you but does no damage.
You slash the quokka!
You kill the quokka!
No target in view!
No target in view!
No target in view!
Found a stone staircase leading up.
You now have 82 gold pieces (gained 10).
A worm comes into view.
There is a stone staircase leading up here.
A worm is nearby!
A hobgoblin comes into view. It is wielding a +0 club.
The hobgoblin shouts!
A worm comes into view.
The worm bites you!
You barely miss the worm.
A frilled lizard comes into view.
You block the hobgoblin's attack.
The frilled lizard hisses angrily.
You hit the worm. You completely miss the hobgoblin.
The hobgoblin closely misses you. The worm bites you.
You hit the worm. You hit the hobgoblin but do no damage.
The hobgoblin hits you with a +0 club. The worm bites you!
* * * LOW HITPOINT WARNING * * *
You block the hobgoblin's attack.
There is a stone staircase leading up here.
You climb upwards.
There is a stone staircase leading down here.
Your shield prevents you from hitting the worm.
You headbutt the worm, but do no damage.
You block the worm's attack.
You completely miss the worm. You block the worm's attack.
Your shield and scale mail prevent you from hitting the worm.
The worm bites you.
* * * LOW HITPOINT WARNING * * *
You slash the worm! You block the worm's attack.
You barely miss the worm. The worm bites you.
* * * LOW HITPOINT WARNING * * *
You hit the worm.
You headbutt the worm, but do no damage.
You block the worm's attack.
Your shield prevents you from hitting the worm.
You headbutt the worm. The worm bites you!
You die...

#####.####.## ##.......## ##
#.......#..# ##.........## #
#.###.###.####...........###
#.# #.##..###......#......##
#.# #..#.###......###......#
#.######.##......## ##......
#......#.#......## ##.....
########.......## ##....
#...@..## ##..< #....w..##
##.... #.#......## ##.....
#.##......## ##......
#.###......###.†....#
########..###......#..††..##
#......##.####...........###
#.#####.#..# ##.........## #
#.###.#.##.## ##.......## ##


You could see a worm.

Vanquished Creatures
  4 gnolls
  2 leopard geckos (D:1)
  7 bats
  4 giant cockroaches
  6 jackals
  4 kobolds (D:1)
  A quokka (D:2)
  4 frilled lizards (D:1)
  4 goblins (D:1)
  4 rats (D:1)
40 creatures vanquished.

Notes
Turn   | Place    | Note
-------+----------+-------------------------------------------
     0 | D:1      | DavidChitty2 the Minotaur Fighter began the quest for the
                  | Orb.
     0 | D:1      | Reached XP level 1. HP: 19/19 MP: 0/0
   143 | D:1      | Reached XP level 2. HP: 25/27 MP: 1/1
   482 | D:1      | Reached XP level 3. HP: 32/33 MP: 2/2
  1120 | D:2      | Reached XP level 4. HP: 28/40 MP: 3/3
  1320 | D:1      | Slain by a worm

Illustrated notes

Levels and vault maps discovered:
D:1:      dpeg_arrival_central, layout_loops_corners
D:2:      layout_loops_cross, uniq_jessica

Skill      XL: |  1  2  3 |
---------------+----------+-----
Axes           | 3 |  3.9
Fighting       | 4 |  4.2
Shields        | 4 |  4.2
Armour         | 4 |  4.2

Action                   |  1- 3 |  4- 6 || total
-------------------------+-------+-------++-------
Melee: War axe           |    89 |    23 ||   112
       Headbutt          |     5 |     4 ||     9
Armor: Scale mail        |    61 |    11 ||    72
Dodge: Dodged            |    41 |     6 ||    47
Block: Kite shield       |    68 |    19 ||    87

Table legend: (Time is in decaauts)
 A = Elapsed time spent in this place.
 B = Non-inter-level travel time spent in this place.
 C = Inter-level travel time spent in this place.
 D = Time resting spent in this place.
 E = Time spent auto-exploring this place.
 F = Levels seen in this place.
 G = Mean time per level.
                   A        B        C        D        E       F      G
               +--------+--------+--------+--------+--------+-----+--------+
         Total |   1383 |   1327 |     56 |     96 |    949 |   2 |  691.5 |
       Dungeon |   1383 |   1327 |     56 |     96 |    949 |   2 |  691.5 |
               +--------+--------+--------+--------+--------+-----+--------+

Top non-repeatable levels by time:
     D:1: 1163 daAuts
     D:2: 220 daAuts
